 Dungeon Crawl Stone Soup version 0.31-a0-1002-g8e65716e6e (webtiles) character file.

Game seed: 17072923715577364009

8 Arezz the Sneak (level 2, -1/23 HPs)
             Began as a Vampire Delver on Nov 9, 2023.
             Slain by a ball python (3 damage)
             ... on level 1 of the Dungeon.
             The game lasted 00:01:35 (410 turns).

Arezz the Sneak (Vampire Delver)                     Turns: 410, Time: 00:01:35

Health: -1/23      AC:  3    Str: 11    XL:     2   Next: 0%
Magic:  2/2        EV:  9    Int: 12    God:
Gold:   15         SH:  0    Dex: 15    Spells: 1/1 levels left

rFire   . . .        a - +0 hand axe
rCold   . . .        (no shield)
rNeg    . . .        b - +0 leather armour
rPois   .            (no helmet)
rElec   .            (no cloak)
rCorr   .            (no gloves)
SInv    +            (no boots)
Will    .....        (no amulet)
Stlth   ++++         (no ring)
HPRegen 0.43/turn    (no ring)
MPRegen 0.08/turn

%: no passive effects
@: healing quickly, constricted
A: alive, fangs 3, see invisible, vampiric 1
a: Exsanguinate


You were on level 1 of the Dungeon.
You visited 1 branch of the dungeon, and saw 5 of its levels.

You collected 15 gold pieces.

Inventory:

Hand Weapons
 a - a +0 hand axe (weapon)
Armour
 b - a +0 leather armour (worn)
Wands
 g - a wand of digging (3)
Scrolls
 c - a scroll of fog
 d - a scroll of revelation
 e - a scroll of fear
Potions
 f - a potion of haste
 h - a potion of enlightenment {unknown}
 i - a potion of lignification {unknown}


   Skills:
 + Level 2.7 Fighting
 + Level 1.8 Axes
 + Level 2.2 Dodging
 + Level 7.7 Stealth


You had one spell level left.
You didn't know any spells.
Your spell library contained the following spells:

 Spells                   Type           Power      Damage    Failure   Level
 Freeze                   Ice            0%         1d3       41%         1
 Frozen Ramparts          Ice            0%         1d1       78%         3
 Hailstorm                Conj/Ice       0%         3d3       78%         3


Dungeon Overview and Level Annotations

Branches:
Dungeon (5/15)
 Temple: D:4-7

Altars:

Annotations:
D:3 1 transporter, pzskc383's ghost, amateur GrFi


Innate Abilities, Weirdness & Mutations

Your natural rate of healing is accelerated.
You have razor-sharp teeth.
You have supernaturally acute eyesight. (SInv)
You are afflicted with vampirism.


Message History

The rat barely misses you.
A ball python comes into view.
The frilled lizard closely misses you.
The frilled lizard bites you but does no damage.
The frilled lizard hisses angrily.
The ball python hisses angrily.
The rat misses you. The frilled lizard barely misses you.
The rat bites you but does no damage. The frilled lizard barely misses you.
The rat bites you.
The frilled lizard bites you but does no damage.
The goblin barely misses you. The rat barely misses you.
The frilled lizard misses you. The goblin hits you with a +0 club.
The rat misses you. The frilled lizard closely misses you.
The frilled lizard barely misses you. The goblin barely misses you.
The rat bites you. The ball python closely misses you.
The ball python grabs you. The ball python constricts you.
The frilled lizard closely misses you. The frilled lizard barely misses you.
The goblin closely misses you. The ball python closely misses you.
The ball python constricts you. The rat closely misses you.
The frilled lizard bites you. x2
The ball python bites you but does no damage.
The ball python constricts you. The goblin hits you with a +0 club.
The rat bites you but does no damage. The ball python bites you.
The ball python constricts you. The frilled lizard bites you.
The frilled lizard closely misses you. The goblin barely misses you.
The rat closely misses you. The ball python bites you.
The ball python constricts you. The frilled lizard barely misses you.
The frilled lizard bites you. The goblin hits you with a +0 club.
* * * LOW HITPOINT WARNING * * *
The rat completely misses you.
The ball python bites you but does no damage.
The ball python constricts you.
The frilled lizard bites you but does no damage. x2
The goblin hits you with a +0 club.
* * * LOW HITPOINT WARNING * * *
The rat twitches its whiskers.
The rat bites you.
* * * LOW HITPOINT WARNING * * *
The ball python bites you.
You die...

##...####
...>...# #......#
#......# #
#......# ..
#......###.
.≈.####..Sl......
.........@g..#
##.....rl..#
#.........#
.######......#
..........####
.######.#.#
#.#.####
#.#....###.#
#....)......


You could see a goblin, a ball python, 2 frilled lizards and a rat.

Vanquished Creatures
  A shadow imp (D:5)
  A kobold (D:3)
2 creatures vanquished.

Notes
Turn   | Place    | Note
-------+----------+-------------------------------------------
     0 | D:5      | Arezz the Vampire Delver began the quest for the Orb.
     0 | D:5      | Reached XP level 1. HP: 17/17 MP: 1/1
    56 | D:3      | Reached XP level 2. HP: 21/23 MP: 2/2
    60 | D:3      | Found a transporter.
    60 | D:3      | Noticed pzskc383's ghost (amateur GrFi)
   410 | D:1      | Slain by a ball python

Illustrated notes

Levels and vault maps discovered:
D:1:      heliophobic_arrival_henge, layout_basic, serial_park_tiny_1,
          nicolae_kite_square_tiling_tiny
D:2:      minmay_skewed_foursquare, layout_loops_ring, minmay_pentomino_r4
D:3:      layout_basic, gammafunk_ghost_arena, minmay_misc_feat_doors, uniq_ijyb
D:4:      layout_loops_ring, mainiacjoe_overflow_swirl, uniq_duvessa,
          uniq_menkaure
D:5:      layout_basic

Action                     || total
---------------------------++-------
  Melee: Hand axe          ||     7
         Bite              ||     2
 Armour: Leather armour    ||   149
  Dodge: Dodged            ||   203

Table legend: (Time is in decaauts)
 A = Elapsed time spent in this place.
 B = Non-inter-level travel time spent in this place.
 C = Inter-level travel time spent in this place.
 D = Time resting spent in this place.
 E = Time spent auto-exploring this place.
 F = Levels seen in this place.
 G = Mean time per level.
                   A        B        C        D        E       F      G
               +--------+--------+--------+--------+--------+-----+--------+
         Total |    410 |    410 |      0 |      0 |     30 |   5 |   82.0 |
       Dungeon |    410 |    410 |      0 |      0 |     30 |   5 |   82.0 |
               +--------+--------+--------+--------+--------+-----+--------+

Top non-repeatable levels by time:
     D:1: 343 daAuts
     D:5: 34 daAuts
     D:3: 14 daAuts
     D:4: 13 daAuts
     D:2: 3 daAuts
